 Dungeon Crawl Stone Soup version 0.26-a0-597-gb535b0901c (webtiles) character file.

Game seed: 633705903128316780

91 HoaS the Shield-Bearer (level 4, 0/35 HPs)
             Began as a Formicid Fighter on Aug 26, 2020.
             Succumbed to a goblin's poison
             ... on level 2 of the Dungeon.
             The game lasted 00:03:07 (1095 turns).

HoaS the Shield-Bearer (Formicid Fighter)           Turns: 1095, Time: 00:03:07

Health: 0/35       AC: 10    Str: 21    XL:     4   Next: 87%
Magic:  4/4        EV:  8    Int:  8    God:
Gold:   46         SH:  9    Dex: 10    Spells: 3/3 levels left

rFire    . . .     SeeInvis +   a - +1 quarterstaff
rCold    . . .     Faith    .   c - +0 kite shield
rNeg     . . .     Spirit   .   b - +0 scale mail
rPois    .         Reflect  .   (helmet unavailable)
rElec    .         Harm     .   f - +2 cloak
rCorr    .                      (no gloves)
MR       .....                  (no boots)
Stlth    ..........             (no amulet)
HPRegen  0.11/turn              (no ring)
MPRegen  0.09/turn              (no ring)

@: lethally poisoned (0 -> -6)
A: permanent stasis, dig shafts and tunnels, four strong arms, antennae 3
a: Dig, Shaft Self


You were on level 2 of the Dungeon.
You visited 1 branch of the dungeon, and saw 2 of its levels.

You collected 46 gold pieces.

Inventory:

Hand Weapons
 a - a +1 quarterstaff (weapon)
Armour
 b - a +0 scale mail (worn)
 c - a +0 kite shield (worn)
 f - a +2 cloak (worn)
Scrolls
 h - 2 scrolls of remove curse
 j - a scroll of noise {unknown}
Potions
 d - a potion of might
 e - 2 potions of stabbing
 g - a potion of haste {unknown}
 i - 2 potions of curing {unknown}


   Skills:
 - Level 3.2 Fighting
 * Level 4.0 Staves
 - Level 3.2 Armour
 + Level 4.6 Shields


You had 3 spell levels left.
You didn't know any spells.
Your spell library was empty.

Dungeon Overview and Level Annotations

Branches:
Dungeon (2/15)

Altars:


Innate Abilities, Weirdness & Mutations

You cannot be hasted, slowed, berserked, paralysed or teleported.
You can dig through walls and to a lower floor.
Your four strong arms can wield two-handed weapons with a shield.
You have a pair of large antennae on your head. (SInv)


Message History

* * * LOW HITPOINT WARNING * * *
* * * LOW HITPOINT WARNING * * *
You feel sick. You block the bat's attack.
You see here a stone.
* * * LOW HITPOINT WARNING * * *
You feel sick. The bat barely misses you. The bat hits you but does no damage.
There is an open door here.
* * * LOW HITPOINT WARNING * * *
You feel sick. You block the bat's attack.
* * * LOW HITPOINT WARNING * * *
You feel sick. The bat hits you but does no damage.
* * * LOW HITPOINT WARNING * * *
You feel sick. You block the bat's attack. The bat barely misses you.
* * * LOW HITPOINT WARNING * * *
You feel sick. The bat hits you but does no damage. x2
* * * LOW HITPOINT WARNING * * *
You feel sick. The bat hits you but does no damage.
The bat hits you but does no damage.
You die...

#+####### ≈.≈≈≈≈≈≈# ......≈#
.....≈### ###...≈#.# ######
#.....§#.####### ######....#
#(..(.≈#.......#####......##.#
######.('.lg.g..@..........>#.###
.#.....≈#....b..####.#......#...#
.#!....≈#.......## #.#.......##.#
####...§##.....?.###.#.#........#
....l..≈##...........#.........##
.......≈##....#.#.#..##.#....###
≈.§§§§§≈##..................##
#'##########..#.#.#..##.#)..# ..#
######........##.#...####


You could see a gnoll, a leopard gecko, a goblin and a bat.

Vanquished Creatures
  Natasha (D:2)
  A gnoll (D:1)
  An adder (D:2)
  An ooze (D:2)
  A dart slug (D:2)
  A leopard gecko (D:1)
  11 bats
  A giant cockroach (D:1)
  3 goblins
  6 hobgoblins
  4 jackals (D:1)
  2 frilled lizards
  4 kobolds
  2 rats (D:1)
39 creatures vanquished.

Notes
Turn   | Place    | Note
-------+----------+-------------------------------------------
     0 | D:1      | HoaS the Formicid Fighter began the quest for the Orb.
     0 | D:1      | Reached XP level 1. HP: 18/18 MP: 1/1
   172 | D:1      | Reached XP level 2. HP: 22/24 MP: 2/2
   365 | D:1      | Reached XP level 3. HP: 29/29 MP: 3/3
   947 | D:2      | Reached XP level 4. HP: 35/35 MP: 4/4
  1048 | D:2      | Noticed Natasha
  1050 | D:2      | Killed Natasha
  1093 | D:2      | HP: 1/35 [poisoned by a goblin]
  1095 | D:2      | Succumbed to a goblin's poison

Illustrated notes

Levels and vault maps discovered:
D:1:      minmay_arrival_stair_chambers, layout_loops_ring
D:2:      layout_basic, lightli_temple_of_fire, chequers_ecumenical_altar_grove,
          serial_glass, glass_columns_a, glass_columns_b,
          kennysheep_generic_room_16, uniq_natasha

Skill      XL: |  1  2  3  4 |
---------------+-------------+-----
Shields        | 4 |  4.6
Staves         | 3 4 |  4.0
Fighting       | |  3.2
Armour         | |  3.2

Action                   |  1- 3 |  4- 6 || total
-------------------------+-------+-------++-------
Melee: Quarterstaff      |    88 |    22 ||   110
  Use: Scroll            |     3 |     1 ||     4
Armor: Scale mail        |    64 |    22 ||    86
Dodge: Dodged            |    38 |    10 ||    48
Block: Kite shield       |    77 |    21 ||    98

Table legend: (Time is in decaauts)
 A = Elapsed time spent in this place.
 B = Non-inter-level travel time spent in this place.
 C = Inter-level travel time spent in this place.
 D = Time resting spent in this place.
 E = Time spent auto-exploring this place.
 F = Levels seen in this place.
 G = Mean time per level.
                   A        B        C        D        E       F      G
               +--------+--------+--------+--------+--------+-----+--------+
         Total |   1123 |   1056 |     67 |    165 |    572 |   2 |  561.5 |
       Dungeon |   1123 |   1056 |     67 |    165 |    572 |   2 |  561.5 |
               +--------+--------+--------+--------+--------+-----+--------+

Top non-repeatable levels by time:
     D:1: 934 daAuts
     D:2: 189 daAuts
